 Dungeon Crawl Stone Soup version 0.31.0-9-g3a7656b989 (webtiles) character file.

Game seed: 1109963899490378539

33 qw the Shooter (level 3, -1/18 HPs)
             Began as a Spriggan Hunter on Feb 2, 2024.
             Succumbed to an adder's poison
             ... on level 2 of the Dungeon.
             The game lasted 00:00:03 (1261 turns).

qw the Shooter (Spriggan Hunter)                    Turns: 1261, Time: 00:00:03

Health: -1/18      AC:  2    Str:  7    XL:     3   Next: 12%
Magic:  4/4        EV: 19    Int: 10    God:
Gold:   88         SH:  0    Dex: 20    Spells: 2/2 levels left

rFire   . . .        a - +0 shortbow
rCold   . . .        (shield currently unavailable)
rNeg    . . .        c - +0 robe
rPois   .            (helmet restricted)
rElec   .            (no cloak)
rCorr   .            (gloves unavailable)
SInv    +            (boots unavailable)
Will    .....        (no amulet)
Stlth   ++           (no ring)
HPRegen 0.23/turn    (no ring)
MPRegen 0.09/turn

%: no passive effects
@: lethally poisoned (-1 -> -8), very quick
A: very small, no large weapons, unfitting armour, see invisible, speed 3
a: no special abilities


You were on level 2 of the Dungeon.
You visited 1 branch of the dungeon, and saw 2 of its levels.

You collected 88 gold pieces.


Innate Abilities, Weirdness & Mutations

You are very small and have problems with some larger weapons.
You are too small for most types of armour.
You have supernaturally acute eyesight. (SInv)
You cover ground extremely quickly. (Speed+++)


   Skills:
 - Level 1.5 Fighting
 + Level 4.5 Ranged Weapons
 - Level 4.0 Dodging
 - Level 1.5 Stealth


You had 2 spell levels left.
You didn't know any spells.
Your spell library was empty.

Inventory:

Hand Weapons
 a - a +0 shortbow (weapon)
Armour
 c - a +0 robe (worn)
Scrolls
 b - a scroll of teleportation {unknown}
 e - a scroll of torment {unknown}
Potions
 d - a potion of curing {unknown}
 f - a potion of attraction {unknown}

Dungeon Overview and Level Annotations

Branches:
Dungeon (2/15)

Altars:


Message History

You shoot an arrow. The arrow barely misses the adder.
You shoot an arrow. The arrow hits the adder.
The adder is heavily wounded.
You shoot an arrow. The arrow barely misses the adder.
You shoot an arrow. The arrow barely misses the adder.
The adder closely misses you.
You shoot an arrow. The arrow misses the adder.
The adder barely misses you. The adder bites you.
You shoot an arrow. The arrow barely misses the adder.
The adder bites you.
You shoot an arrow. The arrow barely misses the adder.
The adder completely misses you. The adder barely misses you.
You shoot an arrow. The arrow misses the adder.
The adder bites you.
You are poisoned.
The adder poisons you!
You shoot an arrow. The arrow misses the adder.
You feel sick. The adder closely misses you. The adder completely misses you.
You shoot an arrow.
The arrow hits the adder but does no damage.
The adder is heavily wounded.
You feel sick. The adder closely misses you.
You shoot an arrow.
The arrow hits the adder but does no damage.
The adder is heavily wounded.
You feel sick. The adder completely misses you. The adder misses you.
You shoot an arrow. The arrow closely misses the adder.
You feel sick. The adder misses you. The adder bites you.
You are more poisoned.
The adder poisons you!
You shoot an arrow. The arrow misses the adder.
You feel sick. The adder closely misses you.
You shoot an arrow.
The arrow hits the adder but does no damage.
The adder is heavily wounded.
You feel sick. The adder bites you.
You are more poisoned.
The adder poisons you! The adder misses you.
You shoot an arrow. The arrow closely misses the adder.
You die...

####.............
##.##.#.######
#...#.#.#
#...<.#.# ##
#...###.#######..
###%# #.......#.#
#.# #######.#.#
... #.#.#.# ...
#.@...# #...
#S#.#.# # .....
#...... .
#.#.#.#... #
#........### #..
###.### ...# .#
##. ##


You could see an adder.

Vanquished Creatures
  A dart slug (D:1)
  4 ball pythons
  6 endoplasms
  3 goblins
  2 hobgoblins
  A kobold (D:2)
  5 bats (D:1)
  2 frilled lizards (D:1)
  6 rats
30 creatures vanquished.

Notes
Turn   | Place    | Note
-------+----------+-------------------------------------------
     0 | D:1      | qw the Spriggan Hunter began the quest for the Orb.
     0 | D:1      | Reached XP level 1. HP: 10/10 MP: 2/2
     0 | D:1      | 0 ||| qw: Version: 0.3-a-155-g5e7d8dd
     0 | D:1      | 0 ||| qw: Game counter: 2572
     0 | D:1      | 0 ||| qw: Melee chars always use a shield: true
     0 | D:1      | 0 ||| qw: God list: Okawaru
     0 | D:1      | 0 ||| qw: Allow faded altars: false
     0 | D:1      | 0 ||| qw: Do Orc after clearing Dungeon:15 true
     0 | D:1      | 0 ||| qw: Do second Lair branch before Depths: true
     0 | D:1      | 0 ||| qw: Lair rune preference: random
     0 | D:1      | 0 ||| qw: Goals: Normal
     0 | D:1      | 0 ||| PLANNING D:1-11
    14 | D:1      | Reached skill level 3 in Dodging
   143 | D:1      | Reached XP level 2. HP: 14/14 MP: 3/3
   790 | D:1      | 790 ||| READING scroll labelled VYHOSTR KOOCSI.
   791 | D:1      | 791 ||| READING scroll labelled CAXTOCZ BIOJ.
   792 | D:1      | 792 ||| DROPPING scroll of butterflies.
  1037 | D:2      | Reached XP level 3. HP: 18/18 MP: 4/4
  1260 | D:2      | HP: 4/18 [poisoned by an adder]
  1260 | D:2      | HP: 1/18 [adder (3)]
  1261 | D:2      | Succumbed to an adder's poison

Levels and vault maps discovered:
D:1:      sevenhm_arrival_forest_fort_large_4, layout_loops_ring
D:2:      layout_loops_ring

Skill      XL: |  1  2 |
---------------+-------+-----
Dodging        | 3 4 |  4.0
Fighting       | |  1.5
Ranged Weapons | |  4.5
Stealth        | |  1.5

Action                     || total
---------------------------++-------
   Fire: Shortbow          ||    78
    Use: Scroll            ||     2
 Armour: Robe              ||     9
  Dodge: Dodged            ||    20

Table legend:
 A = Non-vault XP
 B = Vault XP
 C = Vault XP percentage of total XP
 D = Non-vault monster count
 E = Vault monster count
 F = Vault count percentage of total count
                 A         B        C        D         E       F
            +---------+---------+-------+---------+---------+-------
      Total |      48 |       0 |   0.0 |      30 |       0 |   0.0
            +---------+---------+-------+---------+---------+-------
        D:1 |      33 |       0 |   0.0 |      21 |       0 |   0.0
        D:2 |      15 |       0 |   0.0 |       9 |       0 |   0.0
            +---------+---------+-------+---------+---------+-------
